 Dungeon Crawl Stone Soup version 0.31.0-2-g5a2aebc5c2 (webtiles) character file.

Game seed: 12072021415175806810

645 Curundu the Cleaver (level 7, -1/57 HPs)
             Began as a Minotaur Berserker on Jan 21, 2024.
             Was a Priest of Trog.
             Killed from afar by Ijyb (16 damage)
             ... with a bolt of dispelling energy
             ... on level 5 of the Dungeon.
             The game lasted 00:10:38 (2821 turns).

Curundu the Cleaver (Minotaur Berserker)            Turns: 2821, Time: 00:10:38

Health: -1/57      AC:  5    Str: 24    XL:     7   Next: 27%
Magic:  6/6        EV: 11    Int:  4    God:    Trog [***...]
Gold:   143        SH:  0    Dex:  9    Spells: 6/6 levels left

rFire   . . .        m - +2 hand axe (flame)
rCold   . . .        (no shield)
rNeg    . . .        h - +0 ring mail
rPois   .            (helmet restricted)
rElec   .            (no cloak)
rCorr   .            (no gloves)
SInv    .            (no boots)
Will    .....        (no amulet) Stlth
                     (no ring)
HPRegen 0.29/turn    (no ring)
MPRegen 0.10/turn

%: no passive effects
@: no status effects
A: horns 2, retaliatory headbutt
a: Renounce Religion, Berserk, Trog's Hand


You were on level 5 of the Dungeon.
You worshipped Trog.
Trog was most pleased with you.
You visited 1 branch of the dungeon, and saw 5 of its levels.

You collected 143 gold pieces.

Inventory:

Hand Weapons
 m - a +2 hand axe of flaming (weapon)
Armour
 h - a +0 ring mail (worn)
Jewellery
 i - an amulet of faith
 o - a +5 ring of evasion
 p - a +6 ring of intelligence
Wands
 a - a wand of polymorph (10)
Scrolls
 f - 2 scrolls of teleportation
 q - a scroll of fear
Potions
 b - a potion of attraction
 c - a potion of mutation
 d - a potion of cancellation {unknown}
 e - 2 potions of haste
 g - a potion of curing {unknown}
 j - a potion of berserk rage {unknown}
 k - a potion of lignification {unknown}
 l - a potion of resistance {unknown}
 n - 2 potions of degeneration {unknown}


   Skills:
 - Level 3.6 Fighting
 + Level 10.2 Axes
 - Level 2.4 Armour
 - Level 2.1 Dodging


You had 6 spell levels left.
You didn't know any spells.
Your spell library was empty.

Dungeon Overview and Level Annotations

Branches:
Dungeon (5/15)
 Temple: D:4-7

Altars:
Cheibriados
Fedhas
Qazlal

Annotations:
D:5 Ijyb


Innate Abilities, Weirdness & Mutations

You have a pair of horns on your head.
You reflexively headbutt those who attack you in melee.


Message History

Trog accepts your kill.
A hound comes into view.
Items here: )) [ †††.
You slash the orc! You burn the orc.
You kill the orc!
Trog accepts your kill.
Items here: ))) †.
The hound closely misses you. The hound bites you but does no damage.
The sentinel's mark upon you fades away.
The hound bites you.
A goblin comes into view. It is wielding a +0 club.
You barely miss the hound. Your headbutt misses the hound.
The hound barely misses you. You furiously retaliate!
You headbutt the hound!
The goblin unwields a +0 club.
The goblin wields a +0 sling.
The goblin shoots a sling bullet.
The sling bullet hits you.
* * * LOW HITPOINT WARNING * * *
The hound bites you.
* * * LOW HITPOINT WARNING * * *
You miss the hound.
The hound is moderately wounded.
The hound bites you.
* * * LOW HITPOINT WARNING * * *
The goblin shoots a sling bullet.
The sling bullet closely misses you.
You barely miss the hound. Your headbutt misses the hound.
The hound is moderately wounded.
The hound closely misses you. You furiously retaliate!
You headbutt the hound. You closely miss the hound.
The hound is heavily wounded.
The goblin shoots a sling bullet.
The sling bullet hits you but does no damage.
The hound closely misses you.
Unknown command.
You hit the hound. You burn the hound.
You kill the hound!
Trog accepts your kill.
Ijyb the Twisted Goblin comes into view.
She is wielding a +0 club and carrying a wand of quicksilver.
Ijyb moves out of view.
A white imp comes into view.
Ijyb zaps a wand.
The bolt of dispelling energy hits you!
You die...

##.......# ##.....## #.##
##.#.##.###.......## #..##
##....#.##.........####...#
.........'.........+.......
###......##g........####...#
#.#.######g.....>## #..##
#.### #)g.....## #.## #.
#)##...## #.# ###@###+## #.#
#§...☼# ##.## #.....# #.<.#
#....._....# ##..#
#.##.....#..# ##.# ..
#☼...§#5..# .# . ###.### .##
.# #.# . .# ... .. .#


You could see Ijyb, a white imp and a goblin.

Vanquished Creatures
  Grinder (D:2)
  A steam dragon (D:4)
  An ogre (D:5)
  A hound (D:5)
  A bombardier beetle (D:3)
  An orc wizard (D:5)
  5 adders
  2 dart slugs (D:1)
  3 ribbon worms
  11 orcs
  7 ball pythons
  7 endoplasms
  6 giant cockroaches
  3 hobgoblins
  3 jackals (D:1)
  9 quokkas
  A bat (D:3)
  A frilled lizard (D:2)
  8 goblins
  4 kobolds
  7 rats
83 creatures vanquished.

Notes
Turn   | Place    | Note
-------+----------+-------------------------------------------
     0 | D:1      | Curundu the Minotaur Berserker began the quest for the Orb.
     0 | D:1      | Reached XP level 1. HP: 19/19 MP: 0/0
    82 | D:1      | Reached skill level 4 in Axes
   115 | D:1      | Reached XP level 2. HP: 22/26 MP: 1/1
   405 | D:1      | Reached skill level 5 in Axes
   486 | D:1      | Reached XP level 3. HP: 31/31 MP: 2/2
   538 | D:1      | Identified a scroll of acquirement
   538 | D:1      | Acquired a manual of Dodging
   610 | D:2      | Reached ** piety under Trog
   770 | D:2      | Reached XP level 4. HP: 30/39 MP: 3/3
   915 | D:2      | Reached skill level 6 in Axes
  1154 | D:3      | Noticed Grinder
  1168 | D:2      | Killed Grinder
  1169 | D:2      | Reached skill level 8 in Axes
  1169 | D:2      | Reached XP level 5. HP: 22/45 MP: 4/4
  1169 | D:2      | Reached XP level 6. HP: 25/51 MP: 5/5
  1909 | D:3      | Found a blossoming altar of Fedhas.
  1926 | D:3      | Found a snail-covered altar of Cheibriados.
  2058 | D:4      | Noticed a steam dragon
  2070 | D:4      | Killed a steam dragon
  2071 | D:4      | Reached skill level 9 in Axes
  2679 | D:5      | Entered Level 5 of the Dungeon
  2786 | D:5      | Found a stormy altar of Qazlal.
  2798 | D:5      | Reached XP level 7. HP: 49/57 MP: 6/6
  2806 | D:5      | Reached skill level 10 in Axes
  2807 | D:5      | Reached *** piety under Trog
  2819 | D:5      | Noticed Ijyb
  2821 | D:5      | Killed from afar by Ijyb

Illustrated notes

Levels and vault maps discovered:
D:1:      dpeg_arrival_prison, layout_rooms
D:2:      layout_rooms, nicolae_half_adder
D:3:      layout_loops_cross, minitemple, uniq_grinder
D:4:      layout_rooms, st_stairs_8, solitary_fountain
D:5:      layout_loops_corners, overflow_temple_1_default,
          gammafunk_temple_overflow_elements, grunt_qazlal_clouds, temple_hall,
          nicolae_goblin_pals

Skill      XL: |  1  2  3  4  5  6  7 |
---------------+----------------------+-----
Axes           | 4 5 8 9 10 | 10.2
Fighting       | |  3.6
Armour         | |  2.4
Dodging        | |  2.1

Action                     |  1- 3 |  4- 6 |  7- 9 || total
---------------------------+-------+-------+-------++-------
  Melee: Hand axe          |    51 |    89 |    14 ||   154
         Headbutt          |    11 |    12 |     2 ||    25
 Invoke: Berserk           |       |     2 |       ||     2
         Trog's Hand       |       |     1 |       ||     1
    Use: Scroll            |     4 |     9 |       ||    13
   Stab: Sleeping          |     1 |       |       ||     1
 Armour: Animal skin       |     9 |       |       ||     9
         Ring mail         |    16 |    63 |    11 ||    90
  Dodge: Dodged            |    44 |    46 |     9 ||    99
